 Dungeon Crawl Stone Soup version 0.28.0-43-g3370ac3207 (webtiles) character file.

Game seed: 11483221912605982916

62 Ablot the Grasshopper (level 4, -1/38 HPs)
             Began as a Gnoll Warper on Mar 12, 2022.
             Slain by an orc
             ... wielding a +0 hand axe
              (6 damage)
             ... on level 3 of the Dungeon.
             The game lasted 00:02:35 (2175 turns).

Ablot the Grasshopper (Gnoll Warper)                Turns: 2175, Time: 00:02:36

Health: -1/38      AC:  4    Str: 13    XL:     4   Next: 8%
Magic:  11/11      EV: 12    Int: 12    God:
Gold:   78         SH:  0    Dex: 11    Spells: 11/13 levels left

rFire   + . .      SeeInvis .   a - +0 spear
rCold   + . .      Faith    .   (no shield)
rNeg    . . .      Spirit   .   b - +1 leather armour {rC+}
rPois   .          Reflect  .   (no helmet)
rElec   .          Harm     .   (no cloak)
rCorr   .          Rampage  .   (no gloves)
Will    .....                   (no boots)
Stlth   +.........              (no amulet)
HPRegen 0.12/turn               k - ring of protection from fire
MPRegen 0.12/turn               (no ring)

@: no status effects
A: fangs 1, strong nose, distributed training
a: no special abilities


You were on level 3 of the Dungeon.
You visited 1 branch of the dungeon, and saw 3 of its levels.

You collected 78 gold pieces.

Inventory:

Hand Weapons
 a - a +0 spear (weapon)
Missiles
 d - 5 boomerangs of dispersal (quivered)
 e - 23 stones
 f - 39 sling bullets
 g - 24 arrows
Armour
 b - a +1 leather armour of cold resistance (worn)
Magical Staves
 j - a staff of poison
Jewellery
 k - a ring of protection from fire (left hand)
Scrolls
 c - a scroll of blinking
 h - 5 scrolls of identify {unknown}
 m - a scroll of magic mapping {unknown}
Potions
 i - a potion of cancellation {unknown}
 l - a potion of resistance {unknown}
 n - a potion of brilliance {unknown}


   Skills:
 + Level 4.6 Fighting
 + Level 1.0 Short Blades
 + Level 1.0 Long Blades
 + Level 1.0 Axes
 + Level 1.0 Maces & Flails
 + Level 4.6 Polearms
 + Level 1.0 Staves
 + Level 1.0 Slings
 + Level 1.0 Bows
 + Level 1.0 Crossbows
 + Level 2.7 Throwing
 + Level 2.7 Armour
 + Level 4.6 Dodging
 + Level 1.0 Stealth
 + Level 1.0 Shields
 + Level 1.0 Unarmed Combat
 + Level 5.0 Spellcasting
 + Level 0.7 Conjurations
 + Level 0.7 Hexes
 + Level 0.7 Summonings
 + Level 0.7 Necromancy
 + Level 5.4 Translocations
 + Level 0.7 Transmutations
 + Level 0.7 Fire Magic
 + Level 0.7 Ice Magic
 + Level 0.7 Air Magic
 + Level 0.7 Earth Magic
 + Level 0.7 Poison Magic
 + Level 1.1 Invocations
 + Level 1.0 Evocations


You had 11 spell levels left.
You knew the following spells:

 Your Spells              Type           Power      Damage    Failure   Level
a - Blink                 Tloc           32%        N/A       4%          2

Your spell library contained the following spells:

 Spells                   Type           Power      Damage    Failure   Level
 Gell's Gravitas          Tloc           16%        N/A       9%          3
 Lesser Beckoning         Tloc           16%        N/A       9%          3
 Teleport Other           Tloc           16%        N/A       9%          3
 Manifold Assault         Tloc           16%        N/A       58%         5


Dungeon Overview and Level Annotations

Branches:
Dungeon (3/15)

Altars:

Annotations:
D:2 1 runed translucent door, Crazy Yiuf


Innate Abilities, Weirdness & Mutations

You have very sharp teeth.
Your uncanny sense of smell can sniff out nearby items.
Your experience applies equally to all skills.


Message History

Reach: a) +0 spear
Press: ? - help, Dir - move target, f/p - orc
Aim: an orc, wielding a +0 hand axe, wearing a +0 chain mail and quivering silver boomerangs (about 30% to evade your +0 spear)
You reach to attack!
You hit the orc but do no damage. You barely miss the orc.
The orc closely misses you.
You hit the orc but do no damage. The orc barely misses you.
You barely miss the orc. The orc hits you but does no damage.
You hit the orc but do no damage. You barely miss the orc.
The orc hits you with a +0 hand axe.
You hit the orc.
The orc is lightly wounded.
The orc hits you but does no damage.
You hit the orc but do no damage.
The orc is lightly wounded.
You hear the slow rusting of a very distant drain.
The orc barely misses you.
You hit the orc but do no damage. Your bite misses the orc.
The orc hits you with a +0 hand axe.
* * * LOW HITPOINT WARNING * * *
You barely miss the orc. The orc barely misses you.
You hit the orc.
The orc is heavily wounded.
The orc closely misses you.
You hit the orc but do no damage. You bite the orc, but do no damage.
The orc is heavily wounded.
You closely miss the orc.
The orc is heavily wounded.
The orc hits you with a +0 hand axe.
* * * LOW HITPOINT WARNING * * *
You barely miss the orc.
The orc is heavily wounded.
The orc hits you with a +0 hand axe.
* * * LOW HITPOINT WARNING * * *
You hit the orc but do no damage.
The orc is heavily wounded.
The orc completely misses you.
You hit the orc but do no damage.
The orc is heavily wounded.
The orc hits you with a +0 hand axe.
You die...

∆ +......+
#......# #......#
#...(.. ..... ..
... .... #o#
....###@####
#........#
#........#
#........#
#####..###
#####....#######
................#
######..#..#####
........).<######


You could see an orc.

Vanquished Creatures
  2 adders
  A worm (D:2)
  3 orcs (D:3)
  4 ball pythons
  5 bats
  2 endoplasms (D:1)
  4 giant cockroaches
  2 goblins (D:1)
  A hobgoblin (D:1)
  5 quokkas
  3 kobolds
  2 rats (D:1)
34 creatures vanquished.

Vanquished Creatures (others)
  A withered plant (D:1)
1 creature vanquished.

Grand Total: 35 creatures vanquished

Notes
Turn   | Place    | Note
-------+----------+-------------------------------------------
     0 | D:1      | Ablot the Gnoll Warper began the quest for the Orb.
     0 | D:1      | Reached XP level 1. HP: 20/20 MP: 6/6
    26 | D:1      | Found a faded altar of an unknown god.
   242 | D:1      | Reached XP level 2. HP: 26/26 MP: 7/7
   245 | D:1      | Learned a level 2 spell: Blink
  1200 | D:2      | Reached XP level 3. HP: 31/31 MP: 9/9
  1257 | D:2      | Reached skill level 5 in Spellcasting
  1472 | D:2      | Reached skill level 1 in Invocations
  2027 | D:2      | Found a runed translucent door.
  2028 | D:2      | Noticed Crazy Yiuf
  2146 | D:3      | Reached skill level 1 in Short Blades
  2146 | D:3      | Reached skill level 1 in Long Blades
  2146 | D:3      | Reached skill level 1 in Axes
  2146 | D:3      | Reached skill level 1 in Maces & Flails
  2146 | D:3      | Reached skill level 1 in Staves
  2146 | D:3      | Reached skill level 1 in Slings
  2146 | D:3      | Reached skill level 1 in Bows
  2146 | D:3      | Reached skill level 1 in Crossbows
  2146 | D:3      | Reached skill level 1 in Stealth
  2146 | D:3      | Reached skill level 1 in Shields
  2146 | D:3      | Reached skill level 1 in Unarmed Combat
  2146 | D:3      | Reached skill level 1 in Evocations
  2151 | D:3      | Reached XP level 4. HP: 19/38 MP: 11/11
  2175 | D:3      | Slain by an orc

Illustrated notes

Levels and vault maps discovered:
D:1:      saegor_arrival_under_anarchy, layout_loops_corners,
          ebering_ecumenical_altar_petrified
D:2:      layout_loops_corners, uniq_crazy_yiuf_cottage
D:3:      layout_basic, portal_sewer_entry_f, minmay_misc_feat_ornament,
          due_unseen_surprise

Skill      XL: |  1  2  3 |
---------------+----------+-----
Spellcasting   | 5 |  5.0
Invocations    | 1 |  1.1
Short Blades   | 1 |  1.0
Long Blades    | 1 |  1.0
Axes           | 1 |  1.0
Maces & Flails | 1 |  1.0
Staves         | 1 |  1.0
Slings         | 1 |  1.0
Bows           | 1 |  1.0
Crossbows      | 1 |  1.0
Stealth        | 1 |  1.0
Shields        | 1 |  1.0
Unarmed Combat | 1 |  1.0
Evocations     | 1 |  1.0
Fighting       | |  4.6
Polearms       | |  4.6
Throwing       | |  2.7
Armour         | |  2.7
Dodging        | |  4.6
Conjurations   | |  0.7
Hexes          | |  0.7
Summonings     | |  0.7
Necromancy     | |  0.7
Translocations | |  5.4
Transmutations | |  0.7
Fire Magic     | |  0.7
Ice Magic      | |  0.7
Air Magic      | |  0.7
Earth Magic    | |  0.7
Poison Magic   | |  0.7

Action                   |  1- 3 |  4- 6 || total
-------------------------+-------+-------++-------
Melee: Spear             |   132 |    25 ||   157
       Bite              |    10 |     1 ||    11
 Stab: Sleeping          |     1 |       ||     1
Armor: Leather armour    |    18 |     2 ||    20
Dodge: Dodged            |    52 |    11 ||    63
